 Dungeon Crawl Stone Soup version 0.22.1-1-ga44c0e5 (webtiles) character file.

240 Velaskes the Grave Robber (level 5, -5/36 HPs)
             Began as a Demonspawn Necromancer on Oct 29, 2018.
             Was an Initiate of Okawaru.
             Killed by nerve-wracking pain
             ... invoked by Grinder
              (10 damage)
             ... while paralysed by Grinder
             ... on level 3 of the Dungeon.
             The game lasted 00:30:00 (4325 turns).

Velaskes the Grave Robber (Demonspawn Necromancer)  Turns: 4325, Time: 00:30:01

Health: -5/36      AC:  6    Str:  8    XL:     5   Next: 79%
Magic:  10/10      EV:  2    Int: 17    God:    Okawaru [......]
Gold:   157        SH:  0    Dex: 14    Spells: 8/10 levels left

rFire    + . .     SeeInvis .   r - +0 spear (pierce)
rCold    . . .     Gourm    .   (no shield)
rNeg     . . .     Faith    .   b - +0 ring mail
rPois    .         Spirit   .   (helmet restricted)
rElec    .         Reflect  +   (no cloak)
rCorr    .         Harm     .   j - +0 pair of gloves
MR       .....                  (no boots)
Stlth    +.........             p - +5 amulet of reflection
HPRegen  0.12/turn              (no ring)
MPRegen  0.12/turn              (no ring)

@: paralysed
A: antennae 1, claws 1, fire resistance 1
a: Renounce Religion


You were on level 3 of the Dungeon.
You worshipped Okawaru.
Okawaru was noncommittal.
You were not hungry.

You visited 1 branch of the dungeon, and saw 3 of its levels.

You collected 157 gold pieces.

Inventory:

Hand Weapons
 f - a +0 whip
 k - a +0 spear
 o - a +0 hunting sling
 r - a +0 spear of piercing (weapon)
Missiles
 m - 2 throwing nets (quivered)
Armour
 a - a +0 robe
 b - a +0 ring mail (worn)
 i - a +0 leather armour
 j - a +0 pair of gloves (worn)
Jewellery
 p - a +5 amulet of reflection (around neck)
Scrolls
 d - a scroll of immolation {unknown}
 e - 2 scrolls of enchant armour {unknown}
 h - 4 scrolls of identify {unknown}
 q - a scroll of magic mapping {unknown}
 u - a scroll of blinking {unknown}
Potions
 g - 2 potions of curing {unknown}
 l - a potion of ambrosia {unknown}
 n - 2 potions of berserk rage {unknown}
Comestibles
 s - 2 chunks of flesh
 t - a ration


   Skills:
 + Level 0.6 Fighting
 + Level 0.2 Maces & Flails
 + Level 1.2 Polearms
 + Level 2.0 Armour
 + Level 1.9 Dodging
 + Level 2.0 Stealth
 + Level 3.4 Spellcasting
 + Level 5.7 Necromancy


You had 8 spell levels left.
You knew the following spells:

 Your Spells              Type           Power        Failure   Level  Hunger
a - Pain                  Necr           ###.         4%          1    None
b - Animate Skeleton      Necr           N/A          4%          1    None

Your spell library contained the following spells:

 Spells                   Type           Power        Failure   Level  Hunger
 Vampiric Draining        Necr           ###.......   14%         3    ###....
 Regeneration             Chrm/Necr      ##........   43%         3    ###....
 Animate Dead             Necr           N/A          43%         4    ####...


Dungeon Overview and Level Annotations

Branches:
Dungeon (3/15)

Altars:
Fedhas
Okawaru

Annotations:
D:3 Grinder


Innate Abilities, Weirdness & Mutations

You have a pair of small antennae on your head.
You have sharp fingernails.
Your flesh is heat resistant. (rF+)


Message History

Grinder gestures at you.
You barely resist. You hit Grinder.
Grinder is lightly wounded.
Grinder hits you.
You writhe in agony.
As you read the scroll labeled SEMOIFF ZERPH, it crumbles to dust.
You assume a fearsome visage.
Grinder is unaffected.
It was a scroll of fear.
Grinder hits you.
You writhe in agony.
Grinder says, "You look like you could use a good racking."
Grinder gestures at you.
You suddenly lose the ability to move!
Grinder hits you.
* * * LOW HITPOINT WARNING * * *
You writhe in agony.
* * * LOW HITPOINT WARNING * * *
Grinder gestures at you. You resist with significant effort.
Grinder gestures at you. Pain shoots through your body!
You die...

################
.......)........
#######....#####
#.....# #..5..##
#..@...#
#######.#######
..............#
#+########..####.#..
#...# #........?. #.#
#.#.#...#..
##########(########.#
..#
#.........(.))...(..#
...
#.........(########..#
...


You could see Grinder.

Vanquished Creatures
  An orc priest (D:3)
  An orc wizard (D:3)
  Natasha (twice) (D:3)
  Robin (D:1)
  5 adders (D:2)
  4 dart slugs
  A leopard gecko (D:2)
  2 orcs (D:3)
  6 bats
  A giant cockroach (D:1)
  10 goblins
  13 hobgoblins
  5 jackals (D:1)
  5 kobolds
  A ball python (D:3)
  5 frilled lizards
  3 rats
66 creatures vanquished.

Notes
Turn   | Place    | Note
-------+----------+-------------------------------------------
     0 | D:1      | Velaskes the Demonspawn Necromancer began the quest for the
                  | Orb.
     0 | D:1      | Reached XP level 1. HP: 13/13 MP: 3/3
   419 | D:1      | Gained mutation: Your flesh is heat resistant. (rF+)
                  | [demonic ancestry]
   419 | D:1      | Reached XP level 2. HP: 12/19 MP: 0/5
   578 | D:1      | You fall through a shaft!
   836 | D:1      | Learned a level 1 spell: Animate Skeleton
  1286 | D:1      | Reached skill level 5 in Necromancy
  1620 | D:1      | Gained mutation: You have sharp fingernails. [demonic
                  | ancestry]
  1620 | D:1      | Reached XP level 3. HP: 24/24 MP: 6/6
  1926 | D:1      | Reached skill level 1 in Armour
  2841 | D:2      | Noticed Robin
  2844 | D:2      | Reached XP level 4. HP: 28/30 MP: 4/7
  3114 | D:1      | Killed Robin
  3366 | D:2      | Found an iron altar of Okawaru.
  3375 | D:2      | Became a worshipper of Warmaster Okawaru
  4017 | D:3      | Noticed Natasha
  4024 | D:3      | Killed Natasha
  4024 | D:3      | Reached skill level 1 in Polearms
  4024 | D:3      | Gained mutation: You have a pair of small antennae on your
                  | head. [demonic ancestry]
  4024 | D:3      | Reached XP level 5. HP: 31/36 MP: 2/9
  4135 | D:3      | Noticed Natasha
  4142 | D:3      | Found a blossoming altar of Fedhas.
  4170 | D:3      | Killed Natasha
  4304 | D:3      | Noticed Grinder
  4321 | D:3      | Paralysed by Grinder for 5 turns
  4325 | D:3      | Killed from afar by Grinder

Skill      XL: |  1  2  3  4  5 |
---------------+----------------+-----
Necromancy     | 5 |  5.7
Stealth        | 2 |  2.0
Armour         | 1 2 |  2.0
Polearms       | 1 |  1.2
Spellcasting   | 3 |  3.4
Fighting       | |  0.6
Maces & Flails | |  0.2
Dodging        | |  1.9

Action                   |  1- 3 |  4- 6 || total
-------------------------+-------+-------++-------
Melee: Unarmed           |    15 |       ||    15
       Whip              |    15 |       ||    15
       Spear             |    52 |    58 ||   110
 Cast: Pain              |    43 |    46 ||    89
       Animate Skeleton  |     3 |     3 ||     6
  Use: Scroll            |       |     1 ||     1
 Stab: Sleeping          |     1 |     1 ||     2
  Eat: Chunk             |     3 |     5 ||     8
       Ration            |     1 |       ||     1
Armor: Ring mail         |    67 |    23 ||    90
Dodge: Dodged            |    91 |    33 ||   124
Block: Other             |       |    15 ||    15
       Reflection        |       |     2 ||     2
